 Dungeon Crawl Stone Soup version 0.16-a0-3465-g53c7d0b (webtiles) character file.

178 Jon2 the Vexing (level 5, -2/35 HPs)
             Began as a Vampire Enchanter on Jan 2, 2015.
             Slain by Grinder (7 damage)
             ... on level 3 of the Dungeon.
             The game lasted 00:17:36 (2674 turns).

Jon2 the Vexing (Vampire Enchanter)                 Turns: 2674, Time: 00:17:37

Health: -2/35      AC:  7    Str:  7    XL:     5   Next: 32%
Magic:  9/9        EV: 12    Int: 18    God:
Gold:   150        SH:  3    Dex: 14    Spells: 2 memorised, 5 levels left

rFire  + . .     SeeInvis +     h - +2 dagger (freeze)
rCold  + . .     Clarity  .     b - +1 robe
rNeg   + + +     SustAb   .     i - +0 buckler
rPois  ∞         Gourm    .     g - +1 helmet
rElec  .         Spirit   .     r - +0 cloak
rCorr  .         Warding  .     u - +0 pair of gloves
rMut   .         Stasis   .     (no boots)
MR     .....                    (no amulet)
Stlth  ++++......               (no ring)
                                f - ring of fire

@: bloodless, non-regenerating, not resistant to hostile enchantments, stealthy
A: bottle blood, fangs 3, see invisible, unbreathing
a: Bat Form


You were on level 3 of the Dungeon.
You were bloodless.

You visited 1 branch of the dungeon, and saw 3 of its levels.

You collected 150 gold pieces.

Inventory:

Hand weapons
 a - a +1 dagger (quivered)
 h - a +2 dagger of freezing (weapon)
 l - a +1 dagger of pain
 m - a +2 short sword of draining
 p - a +1 dagger of venom
Armour
 b - a +1 robe (worn)
 g - a +1 helmet (worn)
 i - a +0 buckler (worn)
 r - a +0 cloak (worn)
 u - a +0 pair of gloves (worn)
Jewellery
 f - a ring of fire (left hand)
 t - an uncursed ring of magical power {unknown}
Scrolls
 e - a scroll of teleportation {unknown}
 k - a scroll of blinking {unknown}
 s - 2 scrolls of identify {unknown}
Potions
 d - 5 potions of blood
Books
 c - a book of Maledictions

   Spells                             Type                      Level
   a - Corona                         Hexes                        1
   b - Sure Blade                     Hexes/Charms                 2
   c - Ensorcelled Hibernation        Hexes/Ice                    2
   d - Confuse                        Hexes                        3
   e - Dazzling Spray                 Conjuration/Hexes            3
   f - Enslavement                    Hexes                        4


   Skills:
 * Level 3.5 Short Blades
 + Level 3.5 Dodging
 + Level 5.5 Stealth
 - Level 2.0 Spellcasting
 + Level 5.6 Hexes


You had 5 spell levels left.
You knew the following spells:

 Your Spells              Type           Power        Failure   Level  Hunger
a - Corona                Hex            ###....      1%          1    #......
b - Ensorcelled Hibernat  Hex/Ice        #.....       12%         2    ###....


Dungeon Overview and Level Annotations

Branches:
Dungeon (3/15)

Altars:
Cheibriados
Gozag
Qazlal

Annotations:
D:3 Grinder


Innate Abilities, Weirdness & Mutations

You do not heal naturally.
You can bottle blood from corpses.
You have razor-sharp teeth.
You have supernaturally acute eyesight.
You can survive without breathing.


Message History

A kobold comes into view. It is wielding a short sword.
Grinder gestures.
Grinder blinks!
You see here a +1 dagger.
a - a +1 dagger You block Grinder's attack.
Your shield prevents you from hitting Grinder.
Grinder is almost dead.
Grinder gestures at you.
You are unaffected.
You barely miss Grinder.
Grinder is almost dead.
Grinder gestures.
Grinder blinks!
You closely miss Grinder.
Grinder is almost dead.
You closely miss Grinder. Your bite misses Grinder.
Grinder is almost dead.
Grinder hits you!
You die...

#...#######.#
#########...+.._..'..
#.......####.###.###..
##....K..## ..# #.#
#.. .......... . +
##.. #.......# ....
#.......# ##...
#.......# ####
#....@..# # #....5..#
# #.......# # ##
##.......####
...##............#
.......)..........
##.##..$.........
##(########## #)#


You could see Grinder and a kobold.

Vanquished Creatures
  Crazy Yiuf (D:2)
  An orc wizard (D:3)
  Jessica (D:2)
  A gnoll (D:3)
  Robin (D:2)
  3 adders
  A giant mite (D:3)
  A worm (D:3)
  3 giant geckos
  2 oozes (D:1)
  3 orcs (D:3)
  A ball python (D:3)
  11 bats
  2 giant cockroaches
  10 hobgoblins
  A quokka (D:2)
  3 giant newts
  12 goblins
  8 kobolds
  6 rats
72 creatures vanquished.

Notes
Turn   | Place    | Note
--------------------------------------------------------------
     0 | D:1      | Jon2, the Vampire Enchanter, began the quest for the Orb.
     0 | D:1      | Reached XP level 1. HP: 13/13 MP: 3/3
   463 | D:1      | Reached XP level 2. HP: 14/19 MP: 4/4
   799 | D:2      | Found a stormy altar of Qazlal.
   827 | D:1      | Learned a level 2 spell: Ensorcelled Hibernation
   855 | D:2      | Reached XP level 3. HP: 12/24 MP: 3/6
   873 | D:2      | Noticed Robin
  1029 | D:2      | Killed Robin
  1029 | D:2      | Reached skill level 5 in Stealth
  1033 | D:2      | Reached skill level 5 in Hexes
  1503 | D:2      | Reached XP level 4. HP: 30/30 MP: 7/7
  1549 | D:2      | Noticed Jessica
  1562 | D:2      | Killed Jessica
  1956 | D:2      | Noticed Crazy Yiuf
  1962 | D:2      | Killed Crazy Yiuf
  2138 | D:3      | Found a snail-covered altar of Cheibriados.
  2446 | D:3      | Reached XP level 5. HP: 35/35 MP: 9/9
  2467 | D:3      | Found an opulent altar of Gozag.
  2555 | D:3      | Noticed Grinder
  2574 | D:3      | Paralysed by Grinder for 4 turns
  2592 | D:3      | Paralysed by Grinder for 4 turns
  2632 | D:3      | Paralysed by Grinder for 3 turns
  2634 | D:3      | HP: 1/35 [Grinder (10)]
  2638 | D:3      | Paralysed by Grinder for 6 turns
  2674 | D:3      | Slain by Grinder

Action                   |  1- 3 |  4- 6 || total
-------------------------+-------+-------++-------
Melee: Dagger            |   102 |   136 ||   238
 Cast: Ensorcelled Hiber |     7 |     9 ||    16
  Use: Potion            |     3 |     5 ||     8
 Stab: Sleeping          |    10 |     7 ||    17
